 Dungeon Crawl Stone Soup version 0.23-a0-558-g30802b1 (webtiles) character file.

91 CanOfBees the Caller (level 4, -1/26 HPs)
             Began as a Tengu Summoner on Dec 13, 2018.
             Succumbed to kobold's curare-tipped needle
             ... on level 3 of the Dungeon.
             The game lasted 00:04:54 (3943 turns).

CanOfBees the Caller (Tengu Summoner)               Turns: 3943, Time: 00:04:55

Health: -1/26      AC:  3    Str:  8    XL:     4   Next: 59%
Magic:  10/10      EV: 13    Int: 21    God:
Gold:   83         SH:  0    Dex: 15    Spells: 3/9 levels left

rFire    . . .     SeeInvis .   j - +0 whip (curse)
rCold    + . .     Gourm    .   (no shield)
rNeg     . . .     Faith    .   q - +0 robe {rC+}
rPois    .         Spirit   .   (helmet restricted)
rElec    .         Reflect  .   (no cloak)
rCorr    .         Harm     .   r - +0 pair of gloves
MR       .....                  (boots unavailable)
Stlth    ++........             (no amulet)
HPRegen  0.08/turn              (no ring)
MPRegen  0.12/turn              (no ring)

@: brilliant, lethally poisoned (-1 -> -14), slowed, very slow
A: beak, talons 3
a: no special abilities


You were on level 3 of the Dungeon.
You were not hungry.

You visited 1 branch of the dungeon, and saw 3 of its levels.

You collected 83 gold pieces.

Inventory:

Hand Weapons
 j - a cursed +0 whip (weapon)
 o - a +0 rapier
 s - a +0 spear
Missiles
 b - 77 stones (quivered)
Armour
 q - a +0 robe of cold resistance (worn)
 r - a +0 pair of gloves (worn)
Scrolls
 h - a scroll of magic mapping
Potions
 d - a potion of might {unknown}
 e - a potion of cancellation {unknown}
 f - a potion of mutation {unknown}
 g - a potion of ambrosia {unknown}
 i - 2 potions of resistance
Comestibles
 c - 3 rations
 k - 2 chunks of flesh


   Skills:
 + Level 1.6 Fighting
 - Level 2.1 Dodging
 - Level 2.0 Stealth
 * Level 3.4 Spellcasting
 + Level 5.4 Summonings


You had 3 spell levels left.
You knew the following spells:

 Your Spells              Type           Power        Failure   Level  Hunger
a - Summon Small Mammal   Summ           ####         1%          1    None
b - Call Imp              Summ           #####...     1%          2    ##.....
c - Call Canine Familiar  Summ           #####...     1%          3    ###....

Your spell library contained the following spells:

 Spells                   Type           Power        Failure   Level  Hunger
 Summon Guardian Golem    Hex/Summ       ####....     1%          3    ###....
 Summon Ice Beast         Ice/Summ       ####....     4%          4    ####...
 Summon Lightning Spire   Summ/Air       ####....     4%          4    ####...


Dungeon Overview and Level Annotations

Branches:
Dungeon (3/15)

Altars:


Innate Abilities, Weirdness & Mutations

You have a beak for a mouth.
You have claws for feet.


Message History

The curare-tipped needle hits you.
You are lethally poisoned!
You have difficulty breathing.
You feel as though you will be slow longer.
You see here a curare-tipped needle.
* * * LOW HITPOINT WARNING * * *
You feel sick.
The kobold unwields a +0 blowgun.
The kobold closely misses you.
You closely miss the kobold. Your kick misses the kobold. You peck the kobold.
You kill the kobold!
* * * LOW HITPOINT WARNING * * *
You feel very sick.
* * * LOW HITPOINT WARNING * * *
You feel sick.
Items here: (( ) † a +0 blowgun; 4 curare-tipped needles; a stone; a kobold corpse
* * * LOW HITPOINT WARNING * * *
You feel sick.
It was a potion of brilliance.
You feel clever all of a sudden.
You die...

...........#
##########.#######
............>.....
...#######'#########
...# #.......((..#
...# #########(..#
#### #...# #)..# #
#@### # #....'
#≈..'.# # #....#
≈.≈.≈.### ###....#
≈≈.≈≈. .......#
..... .......#
######## .......#
#......#
.......###......#
........##......#


There were no monsters in sight!

Vanquished Creatures
  An ooze (D:3)
  A dart slug (D:1)
  3 leopard geckos (D:2)
  6 bats
  2 giant cockroaches (D:2)
  8 hobgoblins
  5 jackals
  3 quokkas (D:2)
  3 frilled lizards
  6 goblins
  6 kobolds
  3 rats (D:1)
47 creatures vanquished.

Vanquished Creatures (collateral kills)
  A hound (D:2)
  An adder (D:2)
  2 hobgoblins (D:1)
  A goblin (D:2)
5 creatures vanquished.

Grand Total: 52 creatures vanquished

Notes
Turn   | Place    | Note
-------+----------+-------------------------------------------
     0 | D:1      | CanOfBees the Tengu Summoner began the quest for the Orb.
     0 | D:1      | Reached XP level 1. HP: 10/10 MP: 4/4
   461 | D:1      | Reached XP level 2. HP: 16/16 MP: 6/6
   469 | D:1      | Learned a level 2 spell: Call Imp
   528 | D:1      | Reached skill level 5 in Summonings
  1432 | D:1      | You fall through a shaft!
  1886 | D:2      | Reached skill level 1 in Fighting
  1901 | D:2      | Reached XP level 3. HP: 17/20 MP: 0/8
  3017 | D:2      | Reached XP level 4. HP: 11/25 MP: 4/9
  3626 | D:3      | Learned a level 3 spell: Call Canine Familiar
  3942 | D:3      | HP: 1/26 [poisoned by kobold (curare-tipped needle)]
  3943 | D:3      | Succumbed to kobold's curare-tipped needle

Vault maps used:
D:1:      dpeg_arrival_leaves_temple_mockup, ebering_dispersal_statue_hall
D:2:      first_ration
D:3:      kennysheep_generic_room_9

Skill      XL: |  1  2  3 |
---------------+----------+-----
Summonings     | 5 |  5.4
Fighting       | 1 |  1.6
Spellcasting   | 3 |  3.4
Dodging        | |  2.1
Stealth        | |  2.0

Action                   |  1- 3 |  4- 6 || total
-------------------------+-------+-------++-------
Melee: Unarmed           |    24 |       ||    24
       Kick              |    22 |     1 ||    23
       Peck              |    17 |     7 ||    24
       Whip              |    86 |    24 ||   110
Throw: Stone             |    53 |     6 ||    59
 Cast: Summon Small Mamm |     3 |       ||     3
       Call Imp          |     6 |       ||     6
       Call Canine Famil |       |     1 ||     1
  Use: Scroll            |       |     6 ||     6
       Potion            |       |     2 ||     2
 Stab: Sleeping          |     3 |     1 ||     4
       Distracted        |     1 |       ||     1
  Eat: Chunk             |     7 |     3 ||    10
Armor: Robe              |    27 |     6 ||    33
Dodge: Dodged            |    77 |    27 ||   104

Table legend:
 A = Non-vault XP
 B = Vault XP
 C = Vault XP percentage of total XP
 D = Non-vault monster count
 E = Vault monster count
 F = Vault count percentage of total count
                 A         B        C        D         E       F
            +---------+---------+-------+---------+---------+-------
      Total |     131 |       0 |   0.0 |      52 |       0 |   0.0
            +---------+---------+-------+---------+---------+-------
        D:1 |      26 |       0 |   0.0 |      17 |       0 |   0.0
        D:2 |      87 |       0 |   0.0 |      28 |       0 |   0.0
        D:3 |      18 |       0 |   0.0 |       7 |       0 |   0.0
            +---------+---------+-------+---------+---------+-------
